 Dungeon Sprint DCSS version 0.20-a0-1122-gb7cbeb9 (webtiles) character file.

1520 Kidiri the Covert (level 8, -11/50 HPs)
             Began as a Spriggan Enchanter on May 12, 2017.
             Was an Initiate of Dithmenos.
             Shot with an arrow by a centaur warrior (21 damage)
             ... in the Dungeon (Sprint I: "Red Sonja").
             The game lasted 00:04:40 (815 turns).

Kidiri the Covert (Spriggan Enchanter)               Turns: 815, Time: 00:04:41

Health: -11/50     AC:  2    Str:  4    XL:     8   Next: 54%
Magic:  14/20      EV: 24    Int: 18    God:    Dithmenos [......]
Gold:   334        SH:  0    Dex: 17    Spells: 10/22 levels left

rFire    . . .     SeeInvis +   a - +2 dagger
rCold    . . .     Gourm    .   (shield restricted)
rNeg     . . .     Faith    .   b - +0 robe
rPois    .         Spirit   .   (helmet restricted)
rElec    .         Reflect  .   (no cloak)
rCorr    .         Harm     .   (gloves unavailable)
MR       +....     Clarity  +   (boots unavailable) Stlth ++++++....NoTele +
                                (no amulet)
Regen    0.2/turn               (no ring)
MPRegen  0.2/turn               (no ring)

@: very quick
A: unfitting armour, see invisible, clarity, herbivore 3, speed 3, mutation
resistance 1, robust 1, slow metabolism 2
a: Renounce Religion


You were in the Dungeon.
You worshipped Dithmenos.
Dithmenos was noncommittal.
You were not hungry.

You visited 1 branch You collected 544 gold pieces.
You spent 210 gold pieces at shops.

Inventory:

Hand Weapons
 a - a +2 dagger (weapon)
Armour
 b - a +0 robe (worn)
Scrolls
 j - a scroll of blinking
 l - a scroll of amnesia
 n - a scroll of remove curse {unknown}
Potions
 e - a potion of curing
 g - a potion of haste
 h - 2 potions of magic
 i - a potion of might
Books
 c - a book of Maledictions

   Spells                             Type                      Level
   a - Corona                         Hexes                        1
   b - Ensorcelled Hibernation        Hexes/Ice                    2
   c - Confuse                        Hexes                        3
   d - Tukima's Dance                 Hexes                        3
   e - Dazzling Spray                 Conjuration/Hexes            3
Comestibles
 d - a bread ration
 m - a royal jelly


   Skills:
 * Level 7.0 Fighting
 * Level 9.3 Short Blades
 + Level 4.3 Armour
 + Level 9.0 Dodging
 * Level 13.3 Stealth
 + Level 7.6 Spellcasting
 + Level 8.1 Hexes
 + Level 3.6 Invocations


You had 10 spell levels left.
You knew the following spells:

 Your Spells              Type           Power        Failure   Level  Hunger
a - Corona                Hex            #####..      1%          1    None
b - Ensorcelled Hibernat  Hex/Ice        ###...       3%          2    None
c - Confuse               Hex            #####...     1%          3    #......
d - Tukima's Dance        Hex            #####...     1%          3    #......
e - Dazzling Spray        Conj/Hex       ###...       6%          3    #......


Dungeon Overview and Level Annotations

Branches:
Dungeon (1/1)

Altars:
Cheibriados
Dithmenos
Elyvilon
Fedhas
Gozag
Hepliaklqana
Kikubaaqudgha
Nemelex Xobeh
Okawaru
Qazlal
Ru
Sif Muna
Trog
Uskayaw
Vehumet
Wu Jian
Yredelemnul
Zin
The Shining One

Shops:
D *?[


Innate Abilities, Weirdness & Mutations

You are very small and have problems with some larger weapons.
You are too small for most types of armour.
You have supernaturally acute eyesight. (SInv)
You are a herbivore.
You cover ground extremely quickly.
You need consume almost no food.
You possess an exceptional clarity of mind.
You are somewhat resistant to further mutation.
You are robust. (+10% HP)


Message History

You hear a splash.
You feel much better.
The centaur warrior unwields an uncursed shortbow.
The centaur warrior barely misses you.
Casting: Dazzling Spray
Confirm with . or Enter, or press ? or * to list all spells.
Aiming: Dazzling Spray
Press: ? - help, Shift-Dir - straight line, f/p - centaur warrior
Aim: a centaur warrior (purple smoke, lightly wounded, blind)
The spray of energy hits the centaur warrior.
The centaur warrior is lightly wounded.
The spray of energy hits the centaur warrior.
The centaur warrior is lightly wounded.
The centaur warrior unwields an uncursed shortbow.
The centaur warrior hits you!
* * * LOW HITPOINT WARNING * * *
The centaur warrior hits you but does no damage.
The centaur warrior wields an uncursed shortbow.
The centaur warrior shoots an arrow.
The arrow hits you!!
You die...

###############
<.#..'..#.)+..#
..'.)#.T'..#..+
..#####'#####'# ###
..####..#...#.####(?#
..#__####..##.#≈§§.§#
..#_____##'#_.+§§§c§+
⌠⌠#_.∩...'..._#§§§c.#
###_..__##_.#+##@####
#_____###'#(#§§§.###
###########)####§###.##
∩........+..['.....':∩#
##++++####...##########
##.## #+#


You could see 2 centaur warriors.

Vanquished Creatures
  Sonja (D)
  A deep troll (D)
  Sigmund (D)
  A yak (D)
  An ogre (D)
  A jelly (D)
  Ijyb (D)
7 creatures vanquished.

Vanquished Creatures (others)
  A gargoyle (D)
1 creature vanquished.

Grand Total: 8 creatures vanquished

Notes
Turn   | Place    | Note
-------+----------+-------------------------------------------
     0 | D        | Kidiri the Spriggan Enchanter began the quest for the Orb.
     0 | D        | Reached XP level 1. HP: 9/9 MP: 5/5
     6 | D        | Noticed Ijyb
    16 | D        | Killed Ijyb
    16 | D        | Reached skill level 1 in Fighting
    16 | D        | Reached skill level 5 in Stealth
    16 | D        | Reached XP level 2. HP: 9/15 MP: 4/7
    23 | D        | Learned a level 2 spell: Ensorcelled Hibernation
   128 | D        | Killed a gargoyle
   187 | D        | Noticed an ogre
   196 | D        | Killed an ogre
   196 | D        | Reached skill level 1 in Armour
   196 | D        | Reached skill level 7 in Stealth
   196 | D        | Reached XP level 3. HP: 20/20 MP: 3/9
   196 | D        | Reached XP level 4. HP: 24/24 MP: 3/11
   265 | D        | Noticed Sigmund
   267 | D        | Killed Sigmund
   267 | D        | Reached skill level 9 in Stealth
   267 | D        | Reached skill level 5 in Spellcasting
   267 | D        | Reached skill level 5 in Hexes
   267 | D        | Reached XP level 5. HP: 30/30 MP: 11/13
   293 | D        | Found a deep blue altar of Sif Muna.
   294 | D        | Found an ornate altar of the Wu Jian Council.
   295 | D        | Found a radiant altar of Vehumet.
   299 | D        | Reached XP level 6. HP: 34/34 MP: 15/15
   335 | D        | Found Kinguc's Magic Scroll Emporium.
   335 | D        | Found an ancient bone altar of Kikubaaqudgha.
   335 | D        | Found a hazy altar of Hepliaklqana.
   335 | D        | Found a stormy altar of Qazlal.
   335 | D        | Found a hide-covered altar of Uskayaw.
   335 | D        | Found a blossoming altar of Fedhas.
   335 | D        | Found a bloodstained altar of Trog.
   335 | D        | Found an iron altar of Okawaru.
   335 | D        | Found a basalt altar of Yredelemnul.
   335 | D        | Found a glowing golden altar of the Shining One.
   335 | D        | Found a snail-covered altar of Cheibriados.
   335 | D        | Found a sacrificial altar of Ru.
   335 | D        | Found a glowing silver altar of Zin.
   335 | D        | Found a shadowy altar of Dithmenos.
   335 | D        | Found a white marble altar of Elyvilon.
   335 | D        | Noticed a yak
   340 | D        | Killed a yak
   340 | D        | Reached skill level 5 in Fighting
   340 | D        | Reached skill level 10 in Stealth
   343 | D        | Found an opulent altar of Gozag.
   344 | D        | Found a sparkling altar of Nemelex Xobeh.
   353 | D        | Became a worshipper of Dithmenos the Shadowed
   358 | D        | Bought a scroll of identify for 24 gold pieces
   358 | D        | Bought a scroll of enchant weapon for 90 gold pieces
   428 | D        | Noticed Sonja
   435 | D        | Killed Sonja
   435 | D        | Reached skill level 12 in Stealth
   435 | D        | Reached XP level 7. HP: 41/41 MP: 14/18
   451 | D        | Found Ruson's General Store.
   459 | D        | Bought a potion of mutation for 96 gold pieces
   459 | D        | Gained mutation: You possess an exceptional clarity of mind. [potion of mutation]
   459 | D        | Gained mutation: You are robust. (+10% HP) [potion of mutation]
   459 | D        | Gained mutation: You are somewhat resistant to further mutation. [potion of mutation]
   497 | D        | Noticed a deep troll
   577 | D        | Found Veonil's Armour Emporium.
   589 | D        | Learned a level 3 spell: Confuse
   593 | D        | Learned a level 3 spell: Tukima's Dance
   597 | D        | Learned a level 3 spell: Dazzling Spray
   756 | D        | Killed a deep troll
   756 | D        | Reached skill level 13 in Stealth
   756 | D        | Reached XP level 8. HP: 45/50 MP: 12/20
   810 | D        | Noticed a centaur warrior
   810 | D        | Noticed a centaur warrior
   815 | D        | Shot with an arrow by a centaur warrior

Vault maps used:
D:        dungeon_sprint_1

Skill      XL: |  1  2  3  4  5  6  7 |
---------------+----------------------+-----
Fighting       | 1 3 4 6 7 |  7.0
Short Blades   | 2 4 6 8 9 |  9.3
Stealth        | 5 7 9 12 13 | 13.3
Spellcasting   | 3 4 5 7 |  7.6
Hexes          | 4 5 6 7 8 |  8.1
Armour         | 1 2 3 4 |  4.3
Dodging        | 4 6 8 9 |  9.0
Invocations    | 2 3 |  3.6

Action                   |  1- 3 |  4- 6 |  7- 9 || total
-------------------------+-------+-------+-------++-------
Melee: Dagger            |     9 |     4 |     3 ||    16
 Cast: Corona            |     2 |       |       ||     2
       Ensorcelled Hiber |     2 |     4 |    11 ||    17
       Confuse           |       |       |     2 ||     2
       Dazzling Spray    |       |       |     2 ||     2
  Use: Potion            |     1 |       |     2 ||     3
       Scroll            |       |     2 |     1 ||     3
 Stab: Sleeping          |     1 |     4 |       ||     5
       Confused          |       |       |     2 ||     2
Armor: Robe              |       |       |     1 ||     1
Dodge: Dodged            |     4 |     1 |    12 ||    17
